Cogmind - Beta 16 @@@ ROGUE MODE // 2025.10.23 @ 20:51:50 Player: cart Result: Destroyed by KC-LN3(R) with Subdweller Shrapnel Launcher Performance ------------- Evolutions (0) 0 Regions Visited (2) 400 Robots Destroyed (28) 140 Value Destroyed (613) 613 Prototype IDs (12) 240 Alien Tech Used (0) 0 Bonus (-7) -7 TOTAL SCORE: 1386 Bonus ------- Friendly Fire -7 Cogmind --------- Core Integrity 0/250 Matter 287/300 Energy 82/100 System Corruption 0% Temperature Cool (0) Movement Core (1550) Ox30 Location -10/Subcaves Parts ------- > --- POWER (1) -------- (None) > --- PROPULSION (2) --- (None) > --- UTILITY (2) ------ Huge Storage Unit Makeshift Light Armor Plating > --- WEAPON (2) ------- Subdweller Machine Gun Subdweller Machine Gun > --- INVENTORY (25) --- Light Ion Engine Neutrino Core Spiked Treads Spiked Treads Wheel Small Storage Unit High-capacity Matter Pod (200) Seismic Detector Makeshift Targeting Computer Armor Integrity Analyzer Scrap Shield Powered Cannon Assault Rifle Light Assault Rifle Battle Rifle Subdweller Machine Gun Subdweller Machine Gun Barrage Gun Bore Cannon Grenade Launcher Subdweller Shrapnel Launcher Hammer Peak State ------------ > --- POWER ------------ Light Angular Momentum Engine > --- PROPULSION ------- Light Treads Light Treads > --- UTILITY ---------- Huge Storage Unit Makeshift Light Armor Plating > --- WEAPON ----------- Beamcaster Subdweller Machine Gun > --- INVENTORY -------- Light Ion Engine Neutrino Core Spiked Treads Spiked Treads Wheel Small Storage Unit High-capacity Matter Pod Seismic Detector Makeshift Targeting Computer Armor Integrity Analyzer Scrap Shield Powered Cannon Assault Rifle Light Assault Rifle Battle Rifle Subdweller Machine Gun Subdweller Machine Gun Subdweller Machine Gun Barrage Gun Bore Cannon Grenade Launcher Subdweller Shrapnel Launcher Hammer [Rating: 25] Favorites ----------- Power Ion Engine Engine Ion Engine Propulsion Light Treads Treads Light Treads Utility Huge Storage Unit Device Seismic Detector Storage Huge Storage Unit Protection Makeshift Light Armor Plating Weapon Assault Rifle Energy Gun Beamcaster Ballistic Gun Assault Rifle Build | -11 -10 -10 ------- Run | Yrd Mat Sub Slots Evolved . | . . . Power . | . . . Propulsion . | . . . Utility . | . . . Weapon . | . . . Parts Attached 16 | 7 2 7 Power 2 | 1 . 1 Engine 2 | 1 . 1 Core . | . . . Reactor . | . . . Propulsion 4 | 2 . 2 Treads 4 | 2 . 2 Leg . | . . . Wheel . | . . . Hover . | . . . Flight . | . . . Utility 5 | 2 2 1 Device 1 | 1 . . Storage 3 | 1 2 . Processor . | . . . Hackware . | . . . Protection 1 | . . 1 Artifact . | . . . Weapon 5 | 2 . 3 Energy Gun 1 | . . 1 Energy Cannon . | . . . Ballistic Gun 4 | 2 . 2 Ballistic Cannon . | . . . Launcher . | . . . Special Weapon . | . . . Impact Weapon . | . . . Slashing Weapon . | . . . Piercing Weapon . | . . . Special Melee Weapon . | . . . Unidentified Prototypes . | . . . Parts Lost 8 | . . 8 Power 1 | . . 1 Propulsion 4 | . . 4 Utility 1 | . . 1 Weapon 2 | . . 2 Highest Loss Streak 4 | . . 4 To Critical Strikes . | . . . Average Backups 18 | 2 13 22 Power 1 | . 1 1 Propulsion 2 | . 2 2 Utility 5 | . 3 6 Weapon 9 | . 6 11 Tool/Special . | . . . Unused Backups 25 | . . 25 Power 2 | . . 2 Propulsion 3 | . . 3 Utility 5 | . . 5 Weapon 15 | . . 15 Tool/Special . | . . . Average Slot Usage (%) 98 | . 99 97 Engine 13 | . 14 13 Treads 27 | . 27 27 Device 7 | . 14 3 Storage 14 | . 14 14 Protection 5 | . . 8 Energy Gun 2 | . . 3 Ballistic Gun 25 | . 27 24 Peak Build Rating 25 | 7 8 25 Average Rating 13 | 5 7 16 On Entrance 5 | . 7 8 Avg Prop Armor Cover (%) . | . . . Naked Turns . | . . . Heaviest Build 102 | 14 89 102 Greatest Support 40 | 40 40 40 Greatest Overweight (x) 4 | . 4 2 Average Overweight (x) 1 | . 1 2 Largest Inventory Capacity 25 | 8 25 25 Average Capacity 23 | 7 23 25 Most Carried 25 | 4 16 25 Average Carried 19 | 2 13 23 Final Capacity 25 | 8 25 25 Final Carried 24 | 4 16 24 Class Distribution -------------------- 100% | Mutant Dominant Class ---------------- Mutant | -10/Materials Mutant | -10/Subcaves Resources | -11 -10 -10 ----------- Run | Yrd Mat Sub Matter Collected 864 | 230 482 152 Remotely . | . . . Salvage Created 895 | 132 512 251 Parts 55 | 10 34 11 Haulers Intercepted 2 | . 2 . Recyclers Shooed 1 | . 1 . Parts Field Recycled . | . . . Retrieved Matter . | . . . Parts Self-Destructed 12 | . . 12 Prevented . | . . . Parts Restored . | . . . Kills | -11 -10 -10 ------- Run | Yrd Mat Sub Combat Hostiles Destroyed 19 | . 13 6 Guns 19 | . 13 6 Classes Destroyed 8 | 2 5 1 Builder 1 | . 1 . Tunneler 3 | 3 . . Hauler 2 | . 2 . Recycler 1 | 1 . . Watcher 2 | . 2 . Swarmer 6 | . 6 . Grunt 8 | . 7 1 Subdweller 5 | . . 5 Best Kill Streak 5 | 3 5 2 Combat Bots Only 3 | . 3 2 Max Kills in Single Turn 1 | 1 1 1 Gunslinging . | . . . Exploded . | . . . Melee . | . . . Uniques/NPCs Destroyed . | . . . Combat | -11 -10 -10 -------- Run | Yrd Mat Sub Hostile Shots Fired 73 | . 47 26 Missed 22 | . 17 5 Hits 51 | . 30 21 Projectile 51 | . 30 21 AOE 11 | . . 11 Damage Taken 1366 | . 295 1071 Core 265 | . 55 210 Absorbed by Shields . | . . . Core Remaining (%) 100 | 100 . . Volleys Fired 93 | 15 41 37 Largest 2 | 2 2 2 Hottest 105 | 40 40 105 Shots Fired 184 | 30 82 72 Gun 184 | 30 82 72 Cannon . | . . . Launcher . | . . . Special . | . . . Kinetic 170 | 30 82 58 Thermal 14 | . . 14 Explosive . | . . . Electromagnetic . | . . . Robot Hit Streak 25 | 10 14 25 Robot Miss Streak 3 | 2 3 3 Penetration Max . | . . . Secondary Targets 2 | . 1 1 Max Gunslinging Chain 1 | . 1 1 Shots Hit Robots 102 | 20 48 34 Core Hits 44 | 6 24 14 Critical Kills 1 | . 1 . Critical Parts Destroyed 1 | 1 . . Critical Strikes 3 | 1 1 1 Burn 1 | . . 1 Destroy 2 | 1 1 . Melee Attacks . | . . . Impact . | . . . Slashing . | . . . Piercing . | . . . Sneak Attacks . | . . . Combat Hostiles . | . . . Follow-up Attacks . | . . . Damage Inflicted 1325 | 204 615 506 Guns 1271 | 201 564 506 Cannons . | . . . Explosions . | . . . Melee . | . . . Ramming 54 | 3 51 . Kinetic 1187 | 201 564 422 Thermal 84 | . . 84 Explosive . | . . . Electromagnetic . | . . . Impact . | . . . Slashing . | . . . Piercing . | . . . Highest Corruption . | . . . Average Corruption . | . . . Corruption Purged . | . . . Corruption Blocked . | . . . Overload Shots . | . . . Overflow Damage . | . . . Projectiles . | . . . Explosions . | . . . Melee . | . . . Knockbacks 2 | . 2 . Impact 2 | . 2 . Kinetic . | . . . Secondary . | . . . Self-Inflicted Damage . | . . . Shots . | . . . Rammed 10 | 1 9 . Targets Rammed 11 | 1 10 . Kicked . | . . . Crushed 1 | . 1 . Highest Temperature 18 | . 12 18 Average Temperature 6 | . 7 5 Received Heat Transfer 147 | . 114 33 Siege Activations . | . . . Martial Activations . | . . . Shielding Activations . | . . . Robots Disrupted . | . . . Combat Hostiles . | . . . Robots Corrupted . | . . . Combat Hostiles . | . . . Parts Fried . | . . . Impact Corruptions . | . . . Robots Melted . | . . . Combat Hostiles . | . . . Parts Melted . | . . . Heat Transferred 222 | . . 222 Parts Sabotaged . | . . . Parts Stolen . | . . . Parts Stripped . | . . . Power Chain Reactions . | . . . Alert | -11 -10 -10 ------- Run | Yrd Mat Sub Maximum Alert Level . | . . . Low Security (%) 100 | 100 100 . Level 1 . | . . . Level 2 . | . . . Level 3 . | . . . Level 4 . | . . . Level 5 . | . . . High Security . | . . . Max Security . | . . . Peak Influence 94 | 10 94 . Initial 3 | . 3 . Average 19 | 2 20 . Influence Increases 410 | 20 370 20 Destroy 0b10 Robot/C 280 | . 260 20 Destroy 0b10 Robot/NC 45 | 20 25 . Destroy Leader 68 | . 68 . Successful Hack 17 | . 17 . Influence Decreases 410 | 15 375 20 Entered New Map 2 | . 2 . Time Decay 408 | 15 373 20 Squads Dispatched 3 | . 3 . Investigation . | . . . Extermination . | . . . Reinforcement 3 | . 3 . Assault . | . . . Garrison . | . . . Intercept . | . . . Searches Triggered . | . . . Construction Impeded . | . . . Haulers Reinforced . | . . . Active Scanning Responses . | . . . Cargo Convoy Interrupts . | . . . Stealth | -11 -10 -10 --------- Run | Yrd Mat Sub Distress Signals 3 | . 3 . Communications Jammed . | . . . Distress Signals . | . . . Times Spotted 43 | . 26 17 Peak Tracking Total 6 | . 4 6 Tactical Retreats . | . . . Traps | -11 -10 -10 ------- Run | Yrd Mat Sub Traps Triggered 4 | . 1 3 Indirectly . | . . . Trap Hack Attempts . | . . . Triggered . | . . . Disarmed . | . . . Reprogrammed . | . . . Reused . | . . . Traps Extracted . | . . . Installed . | . . . Triggered . | . . . Machines | -11 -10 -10 ---------- Run | Yrd Mat Sub Machines Disabled 1 | . . 1 Max in Single Turn 1 | . . 1 Machines Repaired . | . . . Machines Dismantled . | . . . Machines Sabotaged . | . . . Overloaded Fab Kills . | . . . Hacking | -11 -10 -10 --------- Run | Yrd Mat Sub Machines Accessed 9 | . 8 1 Terminals 6 | . 6 . Fabricators . | . . . Repair Stations . | . . . Recycling Units 2 | . 2 . Scanalyzers . | . . . Garrison Access . | . . . Total Hacks 31 | . 22 9 Successful 18 | . 9 9 Failed 13 | . 13 . Catastrophic 1 | . 1 . Database Lockouts . | . . . Manual 19 | . 19 . Terminals 18 | . 18 . Fabricators . | . . . Repair Stations . | . . . Recycling Units 4 | . 4 . Scanalyzers . | . . . Garrison Access . | . . . Terminal Hacks 10 | . 1 9 Record 8 | . . 8 Robot Analysis 1 | . 1 . Proto ID Catalog 1 | . . 1 Fabricator Hacks . | . . . Repair Station Hacks . | . . . Recycling Unit Hacks . | . . . Scanalyzer . | . . . Garrison Access Hacks . | . . . Unauthorized Hacks 8 | . 8 . Terminals 8 | . 8 . Botnet 2 | . 2 . Skim 6 | . 6 . Fabricators . | . . . Repair Stations . | . . . Recycling Units . | . . . Scanalyzers . | . . . Garrison Access . | . . . Data Cores Recovered . | . . . Used . | . . . Hacking Detections 6 | . 6 . Full Trace Events . | . . . Feedback Events . | . . . Feedback Blocked . | . . . Robot Schematics Acquired . | . . . Robots Built . | . . . Authchips . | . . . Time . | . . . Total Robot Build Rating . | . . . Part Schematics Acquired . | . . . Parts Built . | . . . Authchips . | . . . Time . | . . . Total Part Build Rating . | . . . Part Studies Acquired . | . . . Parts Repaired . | . . . Time . | . . . Parts Recycled . | . . . Recycled Matter . | . . . Retrieved Matter . | . . . Retrieved Components . | . . . Parts Scanalyzed . | . . . Part Schematics Acquired . | . . . Parts Damaged . | . . . Bothacking | -11 -10 -10 ------------ Run | Yrd Mat Sub Used RIF Installer . | . . . Robots Hacked . | . . . Non-combat . | . . . Combat . | . . . Robot Hacks Applied . | . . . Relay Couplers Released . | . . . Fabnet Peak Effective % . | . . . Robots Rewired . | . . . Allies Hacked . | . . . Hacks Repelled . | . . . Allies | -11 -10 -10 -------- Run | Yrd Mat Sub Total Allies . | . . . Largest Group . | . . . Highest-Rated Group . | . . . Highest-Rated Ally . | . . . Total Orders . | . . . Ally Attacks . | . . . Total Damage . | . . . Kills . | . . . Allies Corrupted . | . . . Allies Melted . | . . . Intel | -11 -10 -10 ------- Run | Yrd Mat Sub Active Infowar (turns) 3082 | 40 2207 835 Seismic 3082 | 40 2207 835 Robot Analysis Total 1 | . 1 . Derelict Logs Recovered 1 | . . 1 Drone Launches . | . . . Drone Recoveries . | . . . Exploration | -11 -10 -10 ------------- Run | Yrd Mat Sub Turns Passed 5819 | 136 2207 3476 Spaces Moved 1803 | 53 707 1043 Core 5 | 5 . . Treads 1798 | 48 707 1043 Legs . | . . . Wheels . | . . . Hover . | . . . Flight . | . . . Fastest Speed 50 | 50 160 320 Average Speed 301 | 149 284 320 Slowest Speed 480 | 160 480 320 Overloaded Moves . | . . . Propulsion Burnouts . | . . . Robots Hopped . | . . . Potential Cave-ins . | . . . Cave-ins Triggered . | . . . Exploration Rate (%) 48 | 5 93 47 Regions Visited 2 Branch Regions 1 Pre-discovered Areas 1 | . 1 . Known Exits Taken . | . . . Unknown Exits Taken 2 | 1 1 . Scrap Searched 4 | . . 4 Spaces Dug . | . . . Terrain Destroyed . | . . . Melee . | . . . Projectile . | . . . AOE . | . . . Terrain Rammed . | . . . Walls Destroyed . | . . . Machines Disabled . | . . . Actions | -11 -10 -10 --------- Run | Yrd Mat Sub Total 1995 | 79 806 1110 Wait 35 | . 34 1 Move 1801 | 52 706 1043 Hop . | . . . Pick Up 29 | 4 10 15 Fast Attach 12 | 7 3 2 Attach 3 | . . 3 Detach . | . . . Swap 4 | . 2 2 Drop 7 | . . 7 Fire 93 | 15 41 37 Melee . | . . . Ram . | . . . Kick . | . . . Crush 11 | 1 10 . Escape Stasis . | . . . Rewire . | . . . Trap . | . . . Miscellaneous . | . . . Route ------- -11/Scrapyard -10/Materials (discovered 5 exits: [*Mat x3] / [*Min] / *Sub) -10/Subcaves (discovered 3 exits: *Mat x2 / Rec) History --------- Turn | Location | Event 38 | -11/Scrapyard | Discovered new exit (range 15) 137 | -11/Scrapyard | Entered Materials 245 | -10/Materials | Discovered new exit (range 14) 327 | -10/Materials | Build established: Mutant 450 | -10/Materials | Discovered new exit (range 16) 487 | -10/Materials | Discovered new exit (range 14) 758 | -10/Materials | Discovered new exit (range 15) 1549 | -10/Materials | Discovered new exit (range 12) 2181 | -10/Materials | Learned location of 2 exits from Mines 2215 | -10/Materials | Learned Storage security intel 2238 | -10/Materials | Learned 2 Mines zone layouts 2252 | -10/Materials | Learned location of 2 exits from Subcaves 2256 | -10/Materials | Learned location of 1 exit from Recycling 2257 | -10/Materials | Loaded intel: 12 trap records 2344 | -10/Materials | Entered Subcaves 2345 | -10/Subcaves | Identified exit to Recycling 2345 | -10/Subcaves | Identified exit to Materials 2665 | -10/Subcaves | Shifting Twisted Machinery released Piercing Trap 2665 | -10/Subcaves | Shifting Twisted Machinery released Sub. Machine Gun 2665 | -10/Subcaves | Ambushed by swarm of Subdwellers 3178 | -10/Subcaves | Ambushed by Subdwellers from Twisted Machinery 3447 | -10/Subcaves | Shifting Twisted Machinery released Spk. Treads 3472 | -10/Subcaves | Shifting Twisted Machinery released Sub. Monowheel 4070 | -10/Subcaves | Shifting Twisted Machinery released Shrapnel Trap 4118 | -10/Subcaves | Shifting Twisted Machinery released Enh. Flamer 4529 | -10/Subcaves | Visited 4L-MR0's lab 4572 | -10/Subcaves | Found Powered Cannon 5486 | -10/Subcaves | Learned Materials terminal intel 5798 | -10/Subcaves | Discovered exit to Materials (range 12) 5806 | -10/Subcaves | Core integrity fell below 50% 5813 | -10/Subcaves | Core integrity fell below 20% 5820 | -10/Subcaves | Destroyed by KC-LN3(R) with Subdweller Shrapnel Launcher Last Messages --------------- 04986_ Acquired Beamcaster. 04988_ Acquired 10 matter. 05176_ Subatomizers dissect the Disposable Heat Sink. 05486_ Acquired derelict log, extracted data. Data stored: Materials terminal intel. 05505_ TE-Y0O(R) destroyed. 05524_ Acquired 10 matter. 05707_ Z2-J1R(R): "ECOKILL!" 05716_ Z2-J1R(R) suffers critical hit (Burn). 05716_ Z2-J1R(R) destroyed. 05728_ Acquired 8 matter. 05798_ EXIT=FOUND: MATERIALS 05798_ G7-GNP(g) destroyed. 05800_ Lgt. Angular Momentum Engine destroyed. 05807_ Lgt. Treads destroyed. 05808_ 79-TWP(R) suffers critical hit (Burn). 05808_ 79-TWP(R) destroyed. 05812_ Beamcaster destroyed. 05820_ Lgt. Treads destroyed. Map ----- +----------------------------------------------------+ | ?????????????????????????????????????????????????? | | ?????????????????????????????????????????????????? | | ?????????????????????????????????????????????????? | | ?????????????????????????????????????????????????? | | ?????????????????????????????????????????????????? | | ?????????????????????????????????????????????????? | | ?????????????????????????????????????????????????? | | ?????????????????????????????????????????????????? | | ?????????????????????????????????????????????????? | | ?????????????????????????????????????????????????? | | ??????????????????????? ?????????????????????????? | | ??????????????????????? ???#" ???????????????????? | | ??????????????????????? ??? " #?????????????????? | | ??????????????????????? ### ##????????????????? | | ??????????????????????? ;; R< ;#????????????????? | | ??????????????????????? #????????????????? | | ??????????????????????? #????????????????? | | ???????????????????????# ; & ;?????????????????? | | ???????????????????????#; ;;% ##????????????????? | | ???????????????????????#; #????????????????? | | ????????????????????#### ?????????????????? | | ????????????????????# ##?????????????????? | | ???????????????????## ##????????????????? | | ???????????????????# #????????????????? | | ???????????????????## #?????????????????? | | ???????????????????# @ #??????#??????????? | | ???????????????????# #??? ???????????? | | ???????????????????# #? ????????????? | | ???????????????????## ;### ??????????????? | | ????????????????????# ???????????????? | | ????????????????????# ;; ##???????????????? | | ????????????????????# ## #????????????????? | | ????????????????????# #<$???????????????? | | ???????????? ???????###### #$< ??????????????? | | ??????????? ??????????# #?